 Dungeon Crawl Stone Soup version 0.26.1-11-gd32895ea62 (webtiles) character file.

Game seed: 5571310610398845845

107 vvl the Changer (level 4, 0/38 HPs)
             Began as a Naga Transmuter on June 9, 2021.
             Slain by a rat (1 damage)
             ... on level 3 of the Dungeon.
             The game lasted 00:07:59 (3454 turns).

vvl the Changer (Naga Transmuter)                   Turns: 3454, Time: 00:08:02

Health: 0/38       AC:  4    Str: 13    XL:     4   Next: 85%
Magic:  7/7        EV:  8    Int: 14    God:
Gold:   66         SH:  0    Dex: 11    Spells: 3/7 levels left

rFire    . . .     SeeInvis +   g - +0 short sword
rCold    . . .     Faith    .   (no shield)
rNeg     . . .     Spirit   .   b - +0 ring mail (curse)
rPois    +         Reflect  .   k - +0 helmet
rElec    .         Harm     .   (no cloak)
rCorr    .         Rampage  .   (no gloves)
Will     +....                  (no barding)
Stlth    +.........             (no amulet)
HPRegen  0.12/turn              r - ring of willpower
MPRegen  0.10/turn              (no ring)

@: mighty, lethally poisoned (0 -> -6), hasted, quick
A: large, see invisible, deformed body, poison resistance, slowness 2, spit
poison 1, AC +1
a: Spit Poison


You were on level 3 of the Dungeon.
You visited 1 branch of the dungeon, and saw 3 of its levels.

You collected 66 gold pieces.

Inventory:

Hand Weapons
 g - a +0 short sword (weapon)
Armour
 b - a cursed +0 ring mail (worn)
 k - a +0 helmet (worn)
Jewellery
 r - a ring of willpower (left hand)
Scrolls
 a - a scroll of noise {unknown}
 c - 4 scrolls of remove curse {unknown}
 f - 5 scrolls of identify {unknown}
 h - 2 scrolls of blinking {unknown}
 l - 2 scrolls of teleportation {unknown}
 o - 2 scrolls of fear {unknown}
 p - a scroll of amnesia {unknown}
Potions
 d - a potion of might
 e - a potion of flight {unknown}
 i - a potion of haste
 j - 2 potions of degeneration {unknown}
 m - a potion of curing {unknown}
 n - a potion of mutation {unknown}
 q - a potion of brilliance {unknown}


   Skills:
 - Level 1.0 Fighting
 - Level 1.5 Dodging
 - Level 3.0 Unarmed Combat
 - Level 2.0 Spellcasting
 + Level 4.2 Transmutations
 + Level 2.9 Poison Magic


You had 3 spell levels left.
You knew the following spells:

 Your Spells              Type           Power        Failure   Level
a - Beastly Appendage     Tmut           26%          10%         1
b - Spider Form           Tmut/Pois      5%           34%         3

Your spell library contained the following spells:

 Spells                   Type           Power        Failure   Level
 Wereblood                Tmut           13%          14%         2
 Ice Form                 Ice/Tmut       7%           91%         4
 Blade Hands              Tmut           6%           95%         5


Dungeon Overview and Level Annotations

Branches:
Dungeon (3/15)

Altars:
Uskayaw
Yredelemnul
The Shining One

Annotations:
D:2 Sigmund


Innate Abilities, Weirdness & Mutations

You cannot wear boots.
Your serpentine skin is tough. (AC +1)
You have supernaturally acute eyesight. (SInv)
Armour fits poorly on your strangely shaped body.
Your system is resistant to poisons. (rPois)
You cover ground very slowly.
You can spit poison.


Message History

* * * LOW HITPOINT WARNING * * *
The adder closely misses you.
You feel sick.
Your horns disappear.
Your +0 helmet unmelds from your body.
The adder barely misses you.
You have got your breath back.
You feel sick. The adder bites you.
* * * LOW HITPOINT WARNING * * *
You are more poisoned.
The adder poisons you!
There is an open door here.
It was a potion of haste.
You feel yourself speed up. The adder barely misses you.
It was a potion of might.
You feel very mighty all of a sudden.
* * * LOW HITPOINT WARNING * * *
You feel sick.
The rat twitches its whiskers.
The rat bites you.
You die...

...........# ...........##..
.......#<.... .......#..#
..........# .......#†.#
....[..#..# .......#rS#
.......##@##### .......#......#
########......# #......# #......#
########## #......# #........#
####.>....# #........#
############.........###........#
#.....(...##.###.......#........#


You could see an adder and a rat.

Vanquished Creatures
  4 adders
  2 dart slugs
  3 leopard geckos
  3 orcs
  5 bats
  5 giant cockroaches
  11 goblins
  5 hobgoblins
  2 jackals (D:1)
  A quokka (D:2)
  4 frilled lizards
  6 kobolds
  11 rats
62 creatures vanquished.

Notes
Turn   | Place    | Note
-------+----------+-------------------------------------------
     0 | D:1      | vvl the Naga Transmuter began the quest for the Orb.
     0 | D:1      | Reached XP level 1. HP: 18/18 MP: 3/3
   182 | D:1      | Reached XP level 2. HP: 3/25 MP: 3/5
   615 | D:1      | Reached skill level 3 in Transmutations
  1094 | D:1      | Reached XP level 3. HP: 27/31 MP: 6/6
  1447 | D:2      | Found a glowing golden altar of the Shining One.
  1462 | D:2      | Reached skill level 1 in Poison Magic
  1810 | D:2      | Reached XP level 4. HP: 27/38 MP: 7/7
  2104 | D:2      | Reached skill level 4 in Transmutations
  2392 | D:2      | Noticed Sigmund
  2688 | D:2      | Found a basalt altar of Yredelemnul.
  2930 | D:3      | Learned a level 3 spell: Spider Form
  2935 | D:3      | Found a hide-covered altar of Uskayaw.
  3452 | D:3      | HP: 1/38 [adder (3)]
  3454 | D:3      | Slain by a rat

Illustrated notes

Levels and vault maps discovered:
D:1:      dpeg_arrival_more_subterranean_lakeside_camping, layout_basic,
          minmay_heptomino_d4
D:2:      layout_rooms, overflow_temple_1_default, marbit_many_paths,
          uniq_sigmund
D:3:      layout_basic, lemuel_doored_altar, minmay_misc_feat_tower,
          grunt_dithmenos_smoke

Skill      XL: |  1  2  3  4 |
---------------+-------------+-----
Transmutations | 3 4 |  4.2
Poison Magic   | 1 2 |  2.9
Fighting       | |  1.0
Dodging        | |  1.5
Unarmed Combat | |  3.0
Spellcasting   | |  2.0

Action                   |  1- 3 |  4- 6 || total
-------------------------+-------+-------++-------
Melee: Unarmed           |    28 |       ||    28
       Headbutt          |     7 |     5 ||    12
       Punch             |     2 |       ||     2
       Short sword       |   102 |    89 ||   191
 Cast: Beastly Appendage |     8 |     8 ||    16
 Abil: Spit Poison       |     1 |     5 ||     6
  Use: Potion            |       |     2 ||     2
Armor: Ring mail         |    62 |    45 ||   107
Dodge: Dodged            |    71 |    54 ||   125
